 Dungeon Crawl Stone Soup version 0.19.0-19-g8c6edcc (webtiles) character file.

102 JustSomeDude the Skirmisher (level 4, -2/35 HPs)
             Began as a Demonspawn Fighter on Nov 12, 2016.
             Slain by a gnoll
             ... wielding a +0 flail
              (6 damage)
             ... on level 2 of the Dungeon on Nov 13, 2016.
             The game lasted 00:04:54 (1403 turns).

JustSomeDude the Skirmisher (Demonspawn Fighter)    Turns: 1403, Time: 00:04:54

Health: -2/35      AC:  6    Str: 17    XL:     4   Next: 50%
Magic:  4/4        EV:  7    Int:  9    God:
Gold:   131        SH:  9    Dex: 13    Spells: 0 memorised, 3 levels left

rFire  . . .     SeeInvis .     a - +0 trident
rCold  . . .     Gourm    .     b - +0 scale mail
rNeg   . . .     Faith    .     c - +0 shield
rPois  .         Spirit   .     (no helmet)
rElec  .         Reflect  .     (no cloak)
rCorr  .         Harm     .     (no gloves)
MR     .....                    (no boots)
Stlth  ..........               (no amulet)
                                (no ring)
                                (no ring)

@: no status effects
A: talons 2
a: no special abilities


You were on level 2 of the Dungeon.
You were hungry.

You visited 1 branch of the dungeon, and saw 2 of its levels.

You collected 131 gold pieces.

Inventory:

Hand Weapons
 a - a +0 trident (weapon)
Armour
 b - a +0 scale mail (worn)
 c - a +0 shield (worn)
 r - a +0 cloak
Scrolls
 e - 2 scrolls of identify {unknown}
 g - 2 scrolls of enchant armour {unknown}
 j - a scroll of random uselessness {unknown}
 s - a scroll of immolation {unknown}
 u - a scroll of noise {unknown}
Potions
 h - a potion of degeneration {unknown}
 i - 2 potions of curing {unknown}
 k - a potion of agility {unknown}
 l - a potion of cure mutation {unknown}
 n - a potion of lignification {unknown}
 o - a potion of resistance {unknown}
 q - a potion of flight {unknown}
Comestibles
 f - a bread ration
 m - a slice of pizza
 p - a beef jerky
 t - a meat ration


   Skills:
 + Level 3.4 Fighting
 + Level 2.9 Polearms
 + Level 3.4 Armour
 + Level 3.2 Shields


You had 3 spell levels left.
You didn't know any spells.

Dungeon Overview and Level Annotations

Branches:
Dungeon (2/15)

Altars:
Ru


Innate Abilities, Weirdness & Mutations

You have razor-sharp toenails.


Message History

The gnoll is almost dead.
The gnoll hits you with a flail. You block the gnoll's attack.
You barely miss the gnoll.
The gnoll is almost dead.
You block the gnoll's attack.
You hit the gnoll but do no damage. You claw the gnoll, but do no damage.
The gnoll is almost dead.
The gnoll hits you with a flail!
* * * LOW HITPOINT WARNING * * *
You are too injured to fight recklessly!
You are too injured to fight recklessly!
You are too injured to fight recklessly!
You are too injured to fight recklessly!
Your shield and scale mail prevent you from hitting the gnoll.
The gnoll is almost dead.
You block the gnoll's attack.
You closely miss the gnoll. You claw the gnoll, but do no damage.
The gnoll is almost dead.
The gnoll hits you with a flail.
You die...

..# #.# #.#
..#.######.#
.....)g)##.# #@##.#
..# # #.##.# ...#
#.###.##.# #..#
#........# #...
####..####
######... #.##
##...##..# #.#
..#..8..#..# #.###
#...........#
#...##########..<##


You could see a gnoll.

Vanquished Creatures
  5 gnolls (D:2)
  2 adders (D:2)
  A worm (D:2)
  2 dart slugs
  A leopard gecko (D:1)
  4 giant cockroaches
  A goblin (D:2)
  6 hobgoblins
  5 kobolds
  A bat (D:2)
  2 rats (D:1)
30 creatures vanquished.

Notes
Turn   | Place    | Note
-------+----------+-------------------------------------------
     0 | D:1      | JustSomeDude the Demonspawn Fighter began the quest for the Orb.
     0 | D:1      | Reached XP level 1. HP: 18/18 MP: 1/1
    70 | D:1      | Gained mutation: You have sharp toenails. [demonic ancestry]
    70 | D:1      | Reached XP level 2. HP: 24/24 MP: 2/2
   692 | D:2      | Gained mutation: You have razor-sharp toenails. [demonic ancestry]
   692 | D:2      | Reached XP level 3. HP: 5/29 MP: 3/3
  1287 | D:2      | Reached XP level 4. HP: 35/35 MP: 4/4
  1289 | D:2      | Found a sacrificial altar of Ru.
  1403 | D:2      | Slain by a gnoll

Skill      XL: |  1  2 |
---------------+-------+-----
Armour         | 3 |  3.4
Polearms       | 2 |  2.9
Shields        | 3 |  3.2
Fighting       | |  3.4

Action                   |  1- 3 |  4- 6 || total
-------------------------+-------+-------++-------
Melee: Trident           |   112 |    64 ||   176
       Kick              |    11 |    17 ||    28
  Use: Potion            |     1 |       ||     1
  Eat: Chunk             |     1 |       ||     1
Armor: Scale mail        |    37 |    27 ||    64
Dodge: Dodged            |    27 |    22 ||    49
Block: Shield            |    45 |    24 ||    69
